 Dungeon Crawl Stone Soup version 0.22-a0-374-g5dfd9e3 (webtiles) character file.

173 JeffiDaFish the Firebug (level 5, -1/38 HPs)
             Began as a Draconian Fire Elementalist on Apr 27, 2018.
             Killed by nerve-wracking pain
             ... invoked by Grinder
              (11 damage)
             ... on level 3 of the Dungeon.
             The game lasted 00:08:26 (4497 turns).

JeffiDaFish the Firebug (DrFE)                      Turns: 4497, Time: 00:08:27

Health: -1/38      AC:  5    Str: 11    XL:     5   Next: 28%
Magic:  0/9        EV: 12    Int: 16    God:
Gold:   103        SH:  0    Dex: 11    Spells: 1/9 levels left

rFire    . . .     SeeInvis .   c - +1 spear
rCold    . . .     Gourm    .   (no shield)
rNeg     . . .     Faith    .   (armour unavailable)
rPois    .         Spirit   .   (helmet restricted)
rElec    .         Reflect  .   (no cloak)
rCorr    .         Harm     .   (no gloves)
MR       .....                  (no boots)
Stlth    ++........             (no amulet)
HPRegen  0.12/turn              (no ring)
MPRegen  0.11/turn              (no ring)

@: very slightly contaminated
A: unfitting armour, cold-blooded, AC +5
a: no special abilities


You were on level 3 of the Dungeon.
You were not hungry.

You visited 1 branch of the dungeon, and saw 3 of its levels.

You collected 103 gold pieces.

Inventory:

Hand Weapons
 c - a +1 spear (weapon)
Scrolls
 a - a scroll of fog
 e - 2 scrolls of teleportation
Comestibles
 b - 2 rations


   Skills:
 - Level 1.9 Dodging
 - Level 2.0 Stealth
 + Level 2.9 Spellcasting
 * Level 3.0 Conjurations
 * Level 4.4 Fire Magic


You had one spell level left.
You knew the following spells:

 Your Spells              Type           Power        Failure   Level  Hunger
a - Flame Tongue          Conj/Fire      ##...        4%          1    #......
b - Conjure Flame         Conj/Fire      ##......     12%         3    ###....
c - Sticky Flame          Conj/Fire      ##......     38%         4    #####..


Dungeon Overview and Level Annotations

Branches:
Dungeon (3/15)

Altars:
Dithmenos

Annotations:
D:3 Grinder


Innate Abilities, Weirdness & Mutations

Your plain brown scales are hard. (AC +5)
You cannot fit into any form of body armour.
You are cold-blooded and may be slowed by cold attacks.


Message History

Grinder is almost dead.
Grinder burns!
Grinder hits you!
You writhe in agony.
* * * LOW HITPOINT WARNING * * *
Grinder drinks a potion.
Grinder is healed!
You hit Grinder.
Grinder is severely wounded.
Grinder burns!
Grinder stops burning.
Grinder blinks!
Grinder gestures at you. You resist with significant effort.
Casting: Sticky Flame (quite dangerous; 38% risk of failure)
Confirm with . or Enter, or press ? or * to list all spells.
Aiming: Flame Tongue (safe; 4% risk of failure)
Press: ? - help, Shift-Dir - straight line, f/p - Grinder
Aim: Grinder (almost dead)
You miscast Flame Tongue.
You are very lightly contaminated with residual magic.
Nothing appears to happen.
Grinder gestures at you. Pain shoots through your body!
You die...

#.......##..#..........#
........................
######.##.#..<#5####..##
#.#.#.........#
#.......####(.##
#.####.............
#........#.#....###
.###############.#.........#
............@..5.#.#.#..#.##
.#################.#.#..#.#
#...#..#.# #......#.#
######...##.#.# ##
#############........##.#.###
.#
#...........#........##.#....
.#
#...........#.........#.#.###
.#
#...................#.#......


You could see Grinder.

Vanquished Creatures
  The ghost of Synzig the Insei, an amateur OpTm (D:3)
  5 adders
  3 worms
  2 dart slugs (D:2)
  2 leopard geckos
  2 giant cockroaches (D:1)
  2 goblins (D:1)
  7 hobgoblins
  4 jackals (D:1)
  A ball python (D:3)
  3 bats
  3 frilled lizards
  6 kobolds
  4 rats
45 creatures vanquished.

Notes
Turn   | Place    | Note
-------+----------+-------------------------------------------
     0 | D:1      | JeffiDaFish the Draconian Fire Elementalist began the quest for the Orb.
     0 | D:1      | Reached XP level 1. HP: 14/14 MP: 3/3
   221 | D:1      | Reached XP level 2. HP: 19/20 MP: 5/5
  1152 | D:2      | Reached XP level 3. HP: 12/26 MP: 0/6
  1719 | D:2      | Learned a level 3 spell: Conjure Flame
  3141 | D:3      | Reached XP level 4. HP: 33/33 MP: 3/7
  3263 | D:3      | Learned a level 4 spell: Sticky Flame
  3269 | D:3      | Noticed Synzig's ghost (amateur OpTm)
  3287 | D:3      | Killed Synzig's ghost
  3287 | D:3      | Reached skill level 4 in Fire Magic
  3287 | D:3      | Reached XP level 5. HP: 38/38 MP: 0/9
  3522 | D:3      | Found a shadowy altar of Dithmenos.
  3878 | D:3      | Noticed Grinder
  3905 | D:3      | Paralysed by Grinder for 2 turns
  4160 | D:3      | Paralysed by Grinder for 5 turns
  4497 | D:3      | Killed from afar by Grinder

Vault maps used:
D:1:      kilobyte_arrival_exit_the_forest, serial_bayou_pond_d
D:3:      nicolae_dithmenos_through_a_glass_darkly, uniq_grinder

Skill      XL: |  1  2  3  4  5 |
---------------+----------------+-----
Stealth        | 2 |  2.0
Conjurations   | 2 3 |  3.0
Fire Magic     | 4 |  4.4
Dodging        | |  1.9
Spellcasting   | |  2.9

Action                   |  1- 3 |  4- 6 || total
-------------------------+-------+-------++-------
Melee: Spear             |    64 |    49 ||   113
       Tailslap          |     6 |     1 ||     7
 Cast: Flame Tongue      |    37 |    27 ||    64
       Conjure Flame     |       |     4 ||     4
       Sticky Flame      |       |     1 ||     1
  Use: Scroll            |    10 |       ||    10
       Potion            |     6 |     2 ||     8
 Stab: Sleeping          |     1 |       ||     1
  Eat: Chunk             |     4 |     3 ||     7
       Ration            |     1 |     1 ||     2
Armor: Skin              |    22 |    10 ||    32
Dodge: Dodged            |    42 |    26 ||    68

Table legend:
 A = Spawn XP
 B = Non-spawn XP
 C = Spawn XP percentage of total XP
 D = Spawn monster count
 E = Non-spawn monster count
 F = Spawn count percentage of total count
 G = Total turns spent on level
                    A         B        C        D         E        F      G
               +---------+---------+-------+---------+---------+-------+---------
         Total |       0 |     248 |   0.0 |       0 |      45 |   0.0 |  4497
               +---------+---------+-------+---------+---------+-------+---------
           D:1 |       0 |      36 |   0.0 |       0 |      21 |   0.0 |  1124
           D:2 |       0 |      54 |   0.0 |       0 |      13 |   0.0 |  2437
           D:3 |       0 |     158 |   0.0 |       0 |      11 |   0.0 |   936
               +---------+---------+-------+---------+---------+-------+---------
